 Dungeon Crawl Stone Soup version 0.26-a0-964-g69f9a3b9e2 (webtiles) character file.

Game seed: 14528549159967176459

2118 streetpizza the Insei (level 9, -7/70 HPs)
             Began as a Demonspawn Wanderer on Dec 2, 2020.
             Was a Follower of Wu Jian.
             Mangled by an orc warrior
             ... wielding a +0 halberd
              (19 damage)
             ... on level 7 of the Dungeon.
             The game lasted 00:26:15 (8800 turns).

streetpizza the Insei (Demonspawn Wanderer)         Turns: 8800, Time: 00:26:16

Health: -7/70      AC:  5    Str: 12    XL:     9   Next: 8%
Magic:  9/9        EV: 15    Int: 14    God:    Wu Jian [*.....]
Gold:   584        SH:  0    Dex: 16    Spells: 8/8 levels left

rFire    + . .     SeeInvis .     - Unarmed
rCold    . . .     Faith    .   (no shield)
rNeg     . . .     Spirit   .   b - +2 leather armour
rPois    .         Reflect  .   (helmet restricted)
rElec    .         Harm     .   (no cloak)
rCorr    .         Rampage  .   (no gloves)
MR       .....                  (no boots)
Stlth    +.........             (no amulet)
HPRegen  0.21/turn              a - ring of protection from fire
MPRegen  0.11/turn              (no ring)

@: no status effects
A: claws 2, horns 2, talons 1, rot immunity
a: Renounce Religion


You were on level 7 of the Dungeon.
You worshipped Wu Jian.
Wu Jian was aware of your devotion.
You visited 2 branches of the dungeon, and saw 8 of its levels.

You collected 584 gold pieces.

Inventory:

Hand Weapons
 r - a +3 spectral club
Missiles
 o - 16 poisoned darts (quivered)
Armour
 b - a +2 leather armour (worn)
 y - a cursed +0 cloak
 C - a +2 robe of positive energy
Magical Staves
 x - an uncursed staff of air {unknown}
Jewellery
 a - a ring of protection from fire (left claw)
Wands
 v - a wand of random effects (15)
 w - a wand of enslavement (8)
 z - a wand of paralysis (6)
Scrolls
 c - 6 scrolls of teleportation
 d - 10 scrolls of identify {unknown}
 e - 7 scrolls of blinking {unknown}
 g - 3 scrolls of fog {unknown}
 i - 2 scrolls of noise {unknown}
 k - a scroll of amnesia {unknown}
 l - a scroll of magic mapping {unknown}
 n - 2 scrolls of remove curse {unknown}
 p - a scroll of random uselessness {unknown}
 u - a scroll of enchant weapon {unknown}
Potions
 f - 4 potions of curing {unknown}
 h - a potion of heal wounds {unknown}
 j - 3 potions of lignification {unknown}
 m - 3 potions of mutation {unknown}
 q - a potion of magic {unknown}
 s - a potion of degeneration {unknown}
 t - a potion of berserk rage {unknown}
 A - a potion of flight {unknown}
 B - 2 potions of attraction {unknown}
 D - a potion of ambrosia {unknown}


   Skills:
 + Level 6.3 Fighting
 - Level 3.7 Short Blades
 + Level 5.6 Dodging
 - Level 1.0 Shields
 * Level 7.6 Unarmed Combat
 - Level 1.0 Evocations


You had 8 spell levels left.
You didn't know any spells.
Your spell library contained the following spells:

 Spells                   Type           Power        Failure   Level
 Animate Skeleton         Necr           #.....       36%         1
 Apportation              Tloc           #.....       36%         1
 Corona                   Hex            #......      36%         1
 Summon Small Mammal      Summ           #...         36%         1


Dungeon Overview and Level Annotations

Branches:
Dungeon (7/15)             Temple (1/1) D:4

Altars:
Cheibriados
Dithmenos
Elyvilon
Fedhas
Gozag
Hepliaklqana
Kikubaaqudgha
Makhleb
Nemelex Xobeh
Okawaru
Qazlal
Ru
Trog
Uskayaw
Vehumet
Wu Jian
Xom
Yredelemnul
Zin

Annotations:
D:5 Grinder


Innate Abilities, Weirdness & Mutations

You have very sharp fingernails.
You have a pair of horns on your head.
You have sharp toenails.
You are immune to rotting.


Message History

The orc wizard hits you but does no damage.
The orc wizard gestures wildly while chanting.
The orc wizard blinks!
You lunge at the orc warrior, in a flurry of attacks.
You claw the orc warrior! You claw the orc warrior.
You headbutt the orc warrior, but do no damage.
The orc warrior is heavily wounded.
You scratch the orc warrior but do no damage.
You headbutt the orc warrior!
The orc warrior is almost dead.
The orc wizard points at you and mumbles some strange words.
You easily resist.
The orc warrior hits you with a +0 halberd!!
* * * LOW HITPOINT WARNING * * *
Unknown command.
You scratch the orc warrior but do no damage.
Your kick misses the orc warrior. Your headbutt misses the orc warrior.
The orc warrior is almost dead.
The orc warrior hits you with a +0 halberd!!
You die...

#......# # .
#......# #
.###......# #
.........+ #
#.......# #
#.......# # . #
#.o.## #
...#.##o#..## #
.....o.@##o.## #
...###..###..##
##+#### #..+ ##..##
#...... #..#
#.#..###...o..
#..##..##..##......
##.#... ##o.#......
#..... ##........
#.#... #..#......
#.##.. #..........


You could see an orc warrior and 2 orc wizards.

Vanquished Creatures
  An orc warrior (D:6)
  2 sky beasts
  2 ice beasts
  A black bear (D:6)
  An ogre (D:3)
  5 centaurs
  Blork the orc (D:6)
  2 bullfrogs (D:6)
  A scorpion (D:6)
  A howler monkey (D:5)
  A bullfrog zombie (D:5)
  A centaur zombie (D:6)
  A centaur skeleton (D:6)
  2 hounds
  A jelly (D:7)
  Crazy Yiuf (D:5)
  3 orc priests
  Jessica (D:2)
  2 orc wizards
  2 worker ants
  A hound zombie (D:6)
  A hound skeleton (D:4)
  Robin (D:3)
  A howler monkey skeleton (D:7)
  7 gnolls
  6 adders
  A white imp (D:6)
  2 oozes (D:3)
  2 adder zombies
  A worm (D:2)
  4 dart slugs
  6 leopard geckos
  24 orcs
  6 giant cockroaches
  16 goblins
  10 hobgoblins
  18 jackals
  8 kobolds
  5 quokkas
  3 ball pythons
  8 bats
  8 frilled lizards
  A jackal skeleton (D:6)
  A quokka skeleton (D:4)
  8 rats
  2 toadstools (D:6)
183 creatures vanquished.

Vanquished Creatures (others)
  6 fungi (D:6)
  2 toadstools (D:6)
8 creatures vanquished.

Grand Total: 191 creatures vanquished

Notes
Turn   | Place    | Note
-------+----------+-------------------------------------------
     0 | D:1      | streetpizza the Demonspawn Wanderer began the quest for the
                  | Orb.
     0 | D:1      | streetpizza set off with the following items: a +0 short
                  | sword, a +2 leather armour, a scroll of teleportation
     0 | D:1      | Reached XP level 1. HP: 16/16 MP: 1/1
   164 | D:1      | Gained mutation: You have a pair of small horns on your
                  | head. [demonic ancestry]
   164 | D:1      | Reached XP level 2. HP: 19/22 MP: 2/2
   533 | D:1      | Reached skill level 1 in Unarmed Combat
   657 | D:1      | Gained mutation: You have sharp toenails. [demonic
                  | ancestry]
   657 | D:1      | Reached XP level 3. HP: 25/28 MP: 3/3
  1361 | D:2      | Gained mutation: You are immune to rotting. [demonic
                  | ancestry]
  1361 | D:2      | Reached XP level 4. HP: 34/34 MP: 4/4
  1519 | D:2      | Reached skill level 2 in Unarmed Combat
  1528 | D:2      | Noticed Jessica
  1621 | D:2      | Killed Jessica
  1858 | D:3      | Noticed Robin
  2250 | D:3      | Gained mutation: You have a pair of horns on your head.
                  | [demonic ancestry]
  2250 | D:3      | Reached XP level 5. HP: 38/41 MP: 5/5
  2253 | D:3      | Killed Robin
  2352 | D:3      | Noticed an ice beast
  2787 | D:3      | Noticed a sky beast
  2876 | D:2      | Killed an ice beast
  2877 | D:2      | Reached skill level 3 in Unarmed Combat
  2877 | D:2      | Gained mutation: You have sharp fingernails. [demonic
                  | ancestry]
  2877 | D:2      | Reached XP level 6. HP: 10/47 MP: 6/6
  3471 | D:3      | Killed a sky beast
  3472 | D:3      | Reached skill level 4 in Unarmed Combat
  3746 | D:3      | Found a shimmering altar of Xom.
  3849 | D:5      | Entered Level 5 of the Dungeon
  4197 | D:3      | Reached XP level 7. HP: 26/54 MP: 7/7
  5156 | D:4      | Found a staircase to the Ecumenical Temple.
  5187 | Temple   | Entered the Ecumenical Temple
  5327 | Temple   | Became a worshipper of the Wu Jian Council
  5537 | D:4      | Found a basalt altar of Yredelemnul.
  5714 | D:5      | Reached skill level 5 in Unarmed Combat
  5746 | D:5      | Found a shadowy altar of Dithmenos.
  5750 | D:5      | Found an ancient bone altar of Kikubaaqudgha.
  5891 | D:5      | Found a sacrificial altar of Ru.
  5938 | D:5      | Noticed Grinder
  6147 | D:5      | Found a runed translucent door.
  6148 | D:5      | Noticed Crazy Yiuf
  6156 | D:5      | Killed Crazy Yiuf
  6419 | D:5      | Reached skill level 5 in Fighting
  6419 | D:5      | Reached XP level 8. HP: 40/62 MP: 8/8
  7033 | D:6      | Reached skill level 6 in Unarmed Combat
  7108 | D:6      | Reached * piety under Wu Jian
  7112 | D:6      | Paralysed by an orc priest for 7 turns
  7547 | D:6      | Reached skill level 5 in Dodging
  7823 | D:6      | Reached skill level 7 in Unarmed Combat
  7853 | D:6      | Noticed Blork the orc
  7867 | D:6      | Killed Blork the orc
  8656 | D:7      | Gained mutation: You have very sharp fingernails. [demonic
                  | ancestry]
  8656 | D:7      | Reached XP level 9. HP: 50/69 MP: 9/9
  8800 | D:7      | Mangled by an orc warrior

Illustrated notes

Levels and vault maps discovered:
D:1:      dpeg_arrival_concentric_ovals, layout_loops_corners, dk_noncrumbling_4
D:2:      layout_basic, chequers_arboretum, uniq_jessica
D:3:      layout_rooms, corexii_hall_statues_x, xom_teletrap_fun, uniq_robin
D:4:      layout_cave_pools, kennysheep_mini_moat, minmay_temple_entry_offerings
D:5:      layout_loops_corners, hangedman_ru_absence,
          grunt_temple_overflow_open, uniq_grinder, uniq_edmund,
          uniq_crazy_yiuf_cottage
D:6:      layout_basic, minmay_gold_behind_fungi, uniq_blork_the_orc
D:7:      layout_basic, kennysheep_mini, nicolae_ossuary_entry_giza
Temple:   nicolae_temple_great_sept

Skill      XL: |  1  2  3  4  5  6  7  8 |
---------------+-------------------------+-----
Dodging        | 2 3 4 5 |  5.6
Unarmed Combat | 1 2 3 4 5 7 |  7.6
Fighting       | 3 4 5 6 |  6.3
Short Blades   | |  3.7
Shields        | |  1.0
Evocations     | |  1.0

Action                   |  1- 3 |  4- 6 |  7- 9 || total
-------------------------+-------+-------+-------++-------
Melee: Short sword       |   164 |    24 |       ||   188
       Headbutt          |    25 |    22 |    50 ||    97
       Kick              |    10 |    42 |    89 ||   141
       Punch             |     1 |     1 |     4 ||     6
       Club              |       |   159 |    45 ||   204
       Unarmed           |       |       |   223 ||   223
Throw: Dart              |     4 |       |       ||     4
Invok: Lunge             |       |       |    29 ||    29
       Whirlwind         |       |       |    27 ||    27
Evoke: Wand              |       |       |     1 ||     1
  Use: Scroll            |       |       |     1 ||     1
 Stab: Distracted        |       |     3 |     1 ||     4
       Sleeping          |       |     1 |     1 ||     2
Armor: Leather armour    |    58 |    75 |    41 ||   174
Dodge: Dodged            |    91 |   128 |   153 ||   372

Table legend: (Time is in decaauts)
 A = Elapsed time spent in this place.
 B = Non-inter-level travel time spent in this place.
 C = Inter-level travel time spent in this place.
 D = Time resting spent in this place.
 E = Time spent auto-exploring this place.
 F = Levels seen in this place.
 G = Mean time per level.
                   A        B        C        D        E       F      G
               +--------+--------+--------+--------+--------+-----+--------+
         Total |   8848 |   8588 |    260 |   1612 |   5422 |   8 | 1106.0 |
       Dungeon |   8693 |   8433 |    260 |   1612 |   5345 |   7 | 1241.9 |
        Temple |    154 |    154 |      0 |      0 |     77 |   1 |  154.0 |
               +--------+--------+--------+--------+--------+-----+--------+

Top non-repeatable levels by time:
     D:2: 1800 daAuts
     D:6: 1727 daAuts
     D:3: 1646 daAuts
     D:5: 1406 daAuts
     D:1: 1203 daAuts
     D:4: 736 daAuts
     D:7: 172 daAuts
  Temple: 154 daAuts
